 Dungeon Crawl Stone Soup version 0.31-a0-460-g9e667d4245 (webtiles) character file.

Game seed: 6954631571513286957

203 pascalblue the Conjurer (level 5, -1/28 HPs)
             Began as a Deep Elf Conjurer on Aug 4, 2023.
             Slain by a sleepcap (5 damage)
             ... on level 4 of the Dungeon.
             The game lasted 00:06:24 (3427 turns).

pascalblue the Conjurer (Deep Elf Conjurer)         Turns: 3427, Time: 00:06:24

Health: -1/28      AC:  2    Str:  4    XL:     5   Next: 51%
Magic:  11/13      EV: 12    Int: 25    God:
Gold:   177        SH:  0    Dex: 13    Spells: 10/13 levels left

rFire   . . .        d - +0 dagger
rCold   . . .        (no shield)
rNeg    . . .        a - +0 robe
rPois   .            (no helmet)
rElec   .            (no cloak)
rCorr   .            (no gloves)
SInv    .            (no boots)
Will    .....        (no amulet)
Stlth   ++           (no ring)
HPRegen 0.24/turn    (no ring)
MPRegen 0.13/turn

%: no passive effects
@: no status effects
A: no striking features
a: no special abilities


You were on level 4 of the Dungeon.
You visited 1 branch of the dungeon, and saw 4 of its levels.

You collected 177 gold pieces.

Inventory:

Hand Weapons
 d - a +0 dagger (weapon)
 l - the +5 dagger "Cookie Cutter" {antimagic, rC+ rN+ Dex-5}
   (You found it on level 3 of the Dungeon)

   Dex:       It affects your dexterity (-5).
   rC:        It protects you from cold.
   rN:        It protects you from negative energy.
Armour
 a - a +0 robe (worn)
Scrolls
 c - a scroll of teleportation {unknown}
 f - 2 scrolls of blinking {unknown}
 g - a scroll of revelation {unknown}
 j - a scroll of amnesia {unknown}
 n - a scroll of identify {unknown}
Potions
 b - a potion of magic
 e - 4 potions of resistance {unknown}
 h - a potion of enlightenment {unknown}
 i - a potion of mutation {unknown}
 k - a potion of degeneration {unknown}
 m - a potion of haste {unknown}
 o - a potion of berserk rage {unknown}
 p - a potion of might {unknown}


   Skills:
 - Level 2.6 Dodging
 - Level 2.7 Stealth
 + Level 4.6 Spellcasting
 * Level 6.7 Conjurations


You had 10 spell levels left.
You knew the following spells:

 Your Spells              Type           Power      Damage    Failure   Level
a - Magic Dart            Conj           100%       1d8       1%          1
b - Searing Ray           Conj           78%        2d7       1%          2

Your spell library contained the following spells:

 Spells                   Type           Power      Damage    Failure   Level
 Dazzling Flash           Conj/Hex       44%        N/A       6%          3
 Sublimation of Blood     Necr           5%         N/A       13%         2
 Fulminant Prism          Conj/Hex       11%        3d9       22%         4
 Iskenderun's Mystic Bla  Conj/Tloc      22%        2d6       22%         4
 Irradiate                Conj/Tmut      11%        3d15      52%         5
 Petrify                  Tmut/Erth      5%         N/A       65%         4


Dungeon Overview and Level Annotations

Branches:
Dungeon (4/15)
 Temple: D:4-7

Altars:

Shops:
D:2 !   D:3 =


Message History

Confirm with . or Enter, or press ? or * to list all spells.
Aiming: Magic Dart (safe; 1% risk of failure)
Press: ? - help, Shift-Dir - straight line, f/p - sleepcap
Aim: a sleepcap (lightly damaged, 100% to hit)
The magic dart hits the sleepcap but does no damage.
The sleepcap is lightly damaged.
The sleepcap barely misses you.
Casting: Magic Dart (safe; 1% risk of failure)
Confirm with . or Enter, or press ? or * to list all spells.
Aiming: Searing Ray (safe; 1% risk of failure)
Press: ? - help, Shift-Dir - straight line, f - sleepcap, p - sleepcap
Aim: a sleepcap (100% to hit)
The searing ray hits the sleepcap!
The sleepcap is moderately damaged.
The searing ray hits the sleepcap.
The sleepcap is lightly damaged. (Press . to maintain the ray.)
The sleepcap barely misses you.
The searing ray hits the sleepcap but does no damage.
The sleepcap is moderately damaged.
The searing ray hits the sleepcap!
The sleepcap is heavily damaged.
The sleepcap releases spores at you!
You are engulfed in a cloud of soporific spores!
You fall asleep.
The sleepcap releases spores at you!
You wake up.
Ouch! That really hurt!
* * * LOW HITPOINT WARNING * * *
You are engulfed in a cloud of soporific spores!
You are unaffected.
The sleepcap releases spores at you but does no damage.
Okay, then.
The sleepcap attacks as you move away! The sleepcap closely misses you.
The sleepcap attacks as you move away! The sleepcap barely misses you.
The sleepcap attacks as you move away! The sleepcap releases spores at you.
* * * LOW HITPOINT WARNING * * *
Found a stone staircase leading down.
There is a stone staircase leading down here.
The sleepcap attacks as you move away! The sleepcap releases spores at you.
You die...

#(...###### ##.........#
.# ##.......##.# .#
#.........#.# ..#
##.......##.# .>.#
##....>.##.#####...##
##....#.............
......###.f...........
####.#.#..#.f@.......
#.##.#.####....... ##
#.##.#.# #.#...#.# .#
#.##.#.# #.#...#.# .#
#......# #.#...#.# .#
####f### #.#...#.# ### .#
## #.# #.......# #.#
†###.#####.# #.##.##.#
#.#
.##.#.ff...######.##.##.#
#.##


You could see 2 sleepcaps.

Vanquished Creatures
  A scorpion (D:4)
  A hound (D:4)
  4 adders
  A worm (D:2)
  A dart slug (D:4)
  An orc (D:3)
  8 ball pythons
  7 bats
  7 endoplasms
  2 giant cockroaches (D:2)
  10 goblins
  6 hobgoblins
  3 jackals (D:3)
  5 kobolds
  2 quokkas (D:3)
  4 frilled lizards (D:1)
  5 rats
68 creatures vanquished.

Notes
Turn   | Place    | Note
-------+----------+-------------------------------------------
     0 | D:1      | pascalblue the Deep Elf Conjurer began the quest for the
                  | Orb.
     0 | D:1      | Reached XP level 1. HP: 10/10 MP: 6/6
   180 | D:1      | Reached XP level 2. HP: 15/15 MP: 6/8
   221 | D:1      | Learned a level 2 spell: Searing Ray
   875 | D:2      | Reached skill level 5 in Conjurations
   875 | D:2      | Reached XP level 3. HP: 19/19 MP: 4/9
  1436 | D:2      | Reached XP level 4. HP: 24/24 MP: 9/11
  1507 | D:2      | Found Isaici's Distillery.
  2508 | D:3      | Identified the +5 dagger "Cookie Cutter" {antimagic, rC+
                  | rN+ Dex-5}
  2781 | D:3      | Reached skill level 6 in Conjurations
  2954 | D:3      | Found Dagehuump's Jewellery Shop.
  3120 | D:4      | Reached XP level 5. HP: 22/28 MP: 7/13
  3427 | D:4      | Slain by a sleepcap

Illustrated notes

Levels and vault maps discovered:
D:1:      ncdulo_watergridlock, layout_basic, kennysheep_small_spiral
D:2:      layout_basic, serial_shops, nicolae_square_shop
D:3:      layout_basic, serial_shops, nicolae_shop_gaudy_bauble,
          minmay_fountain_box
D:4:      layout_loops_cross, grunt_temple_overflow_diamond,
          hangedman_decor_points, hellmonk_no_cap, uniq_eustachio, uniq_menkaure

Skill      XL: |  1  2  3  4 |
---------------+-------------+-----
Conjurations   | 5 6 |  6.7
Spellcasting   | 4 |  4.6
Dodging        | |  2.6
Stealth        | |  2.7

Action                     |  1- 3 |  4- 6 || total
---------------------------+-------+-------++-------
   Cast: Magic Dart        |    63 |    64 ||   127
         Searing Ray       |       |     2 ||     2
 Armour: Robe              |       |     1 ||     1
  Dodge: Dodged            |     5 |     7 ||    12

Table legend: (Time is in decaauts)
 A = Elapsed time spent in this place.
 B = Non-inter-level travel time spent in this place.
 C = Inter-level travel time spent in this place.
 D = Time resting spent in this place.
 E = Time spent auto-exploring this place.
 F = Levels seen in this place.
 G = Mean time per level.
                   A        B        C        D        E       F      G
               +--------+--------+--------+--------+--------+-----+--------+
         Total |   3425 |   3346 |     79 |      0 |   3063 |   4 |  856.2 |
       Dungeon |   3425 |   3346 |     79 |      0 |   3063 |   4 |  856.2 |
               +--------+--------+--------+--------+--------+-----+--------+

Top non-repeatable levels by time:
     D:2: 1203 daAuts
     D:3: 1052 daAuts
     D:1: 768 daAuts
     D:4: 400 daAuts
